Map: Ever Dream LE

Players

Nina - Winner!

  • Race: Protoss Protoss
  • League: Grandmaster
  • Spawn Location: 1:00

LiquidTLO (TLO)

  • Race: Zerg Zerg
  • League: Master
  • Spawn Location: 7:00

Event: DreamHack SC2 Masters 2020 Fall

VOD

Have the link to the VOD?

Description

Time

  • Played on: Sept. 3, 2020, 7:17 p.m.
  • Length: 17:56

All games in this series

Show
View Real Time Build Order
Export as new Build Order

Nina Protoss - Winner!

Build Orders: 1 Gate Expand, Oracle Opening, Phoenix Opening 

Get SALT Encoding   

  12  0:00  Probe  
  13  0:12  Probe  
  14  0:18  Pylon  
  14  0:24  Probe  
  15  0:38  Gateway  
  15  0:41  Probe (Chrono Boost)  
  16  0:47  Assimilator  
  16  0:51  Probe (Chrono Boost)  
  16  0:56  Probe (Chrono Boost)  
  18  1:08  Probe  
  19  1:20  Probe  
  20  1:26  Nexus  
  20  1:32  Probe  
  21  1:40  Cybernetics Core  
  21  1:45  Assimilator, Probe  
  22  1:52  Pylon  
  22  1:57  Probe  
  23  2:10  Probe  
  23  2:13  Adept (Chrono Boost)  
  24  2:20  Stargate  
  24  2:22  Probe  
  27  2:29  Warp Gate  
  27  2:34  Probe  
  27  2:36  Adept  
  30  2:38  Probe (Chrono Boost)  
  31  2:46  Probe (Chrono Boost)  
  31  2:50  Probe (Chrono Boost)  
  33  2:53  Gateway  
  33  2:55  Probe (Chrono Boost)  
  33  2:57  Probe (Chrono Boost)  
  35  3:00  Probe (Chrono Boost)  
  35  3:04  Oracle (Chrono Boost), Probe  
  40  3:09  Pylon  
  40  3:12  Probe  
  41  3:16  Adept  
  41  3:17  Probe  
  44  3:24  Probe  
  45  3:29  Probe  
  45  3:33  Assimilator  
  44  3:36  Assimilator, Probe  
  44  3:39  Pylon  
  45  3:41  Probe  
  45  3:45  Phoenix (Chrono Boost)  
  48  3:48  Adept, Probe  
  48  3:54  Pylon, Probe  
  52  4:01  Probe  
  53  4:04  Oracle  
  53  4:06  Probe  
  57  4:13  Probe  
  58  4:18  Robotics Facility, Probe  
  59  4:25  Probe  
  59  4:27  Pylon  
  59  4:29  Nexus  
  61  4:31  Probe  
  61  4:32  Sentry  
  61  4:34  Sentry  
  61  4:37  Probe  
  66  4:43  Probe  
  67  4:49  Probe  
  67  4:50  Pylon  
  68  4:55  Probe  
  68  4:57  Sentry x2  
  73  5:00  Pylon  
  73  5:01  Probe  
  73  5:02  Gateway  
  73  5:04  Gateway  
  74  5:07  Immortal (Chrono Boost)  
  74  5:08  Probe  
  79  5:20  Probe  
  80  5:23  Probe  
  80  5:28  Robotics Bay  
  81  5:32  Forge, Probe  
  83  5:35  Probe  
  83  5:36  Sentry  
  83  5:38  Gateway  
  83  5:40  Gateway  
  85  5:44  Gateway, Probe  
  85  5:47  Probe  
  85  5:48  Probe  
  88  5:50  Observer (Chrono Boost)  
  88  5:56  Probe  
  90  5:58  Assimilator  
  90  5:59  Twilight Council, Probe  
  90  6:00  Probe  
  90  6:02  Assimilator  
  92  6:07  Zealot x3  
  92  6:09  Probe  
  99  6:12  Probe x2  
  99  6:18  Photon Cannon  
  101  6:20  Warp Prism  
  101  6:21  Probe  
  101  6:22  Extended Thermal Lance  
  101  6:24  Probe  
  101  6:25  Pylon  
  105  6:31  Protoss Ground Weapons Level 1 (Chrono Boost), Probe  
  106  6:34  Pylon  
  106  6:37  Blink (Chrono Boost)  
  106  6:38  Gateway  
  106  6:46  Pylon  
  104  6:55  Phoenix  
  104  6:57  Colossus  
  104  7:00  Stalker x2  
  104  7:01  Stalker  
  118  7:11  Zealot x2  
  118  7:22  Sentry x2  
  122  7:25  Stalker x3  
  122  7:27  Pylon  
  122  7:28  Probe  
  129  7:34  Stalker x2  
  131  7:39  Probe  
  132  7:46  Photon Cannon  
  132  7:51  Colossus  
  132  7:57  Stalker, Pylon  
  140  8:00  Pylon  
  140  8:02  Pylon  
  140  8:11  Pylon  
  140  8:22  Nexus  
  140  8:23  Stalker x4  
  140  8:24  Stalker  
  140  8:25  Pylon  
  140  8:26  Templar Archives  
  150  8:28  Charge (Chrono Boost), Photon Cannon, Pylon  
  150  8:36  Protoss Ground Weapons Level 2  
  150  8:43  Probe  
  150  8:44  Pylon  
  150  8:45  Photon Cannon  
  150  8:47  Shield Battery  
  150  8:48  Colossus  
  151  8:49  Photon Cannon x2  
  151  8:52  Psionic Storm  
  157  9:06  Stalker x4  
  165  9:10  Stalker x2  
  165  9:11  Zealot  
  171  9:22  Zealot, Probe  
  158  9:34  Stalker x3  
  158  9:36  High Templar x2  
  158  9:38  Probe x3  
  168  9:39  Probe  
  170  9:50  Probe x2  
  170  9:51  High Templar  
  174  9:55  High Templar, Probe  
  174  9:56  Probe  
  178  10:02  Probe x2, Photon Cannon  
  180  10:07  Probe  
  180  10:08  Probe  
  183  10:14  Probe x2  
  183  10:19  Zealot x6  
  196  10:25  Immortal  
  200  10:31  Pylon  
  200  10:33  Pylon  
  188  10:36  High Templar x2  
  192  10:44  Photon Cannon  
  192  10:45  Pylon  
  192  10:48  Zealot x2  
  196  10:59  Pylon  
  180  11:11  Probe  
  165  11:12  Assimilator  
  165  11:14  Stalker x7  
  179  11:23  Probe  
  180  11:26  Protoss Ground Weapons Level 3  
  180  11:28  Gateway  
  180  11:29  Gateway  
  180  11:30  Gateway  
  180  11:33  Immortal  
  180  11:36  Robotics Facility  
  180  11:37  Probe  
  185  11:43  High Templar x2, Unknown, Photon Cannon  
  189  11:48  Archon  
  189  11:51  Stalker x3  
  195  11:56  Zealot x2  
  192  12:02  Probe  
  192  12:08  Probe  
  186  12:13  Probe  
  186  12:14  Templar Archives  
  185  12:16  Immortal  
  183  12:31  Gateway  
  183  12:32  Photon Cannon  
  183  12:34  Photon Cannon  
  183  12:39  Photon Cannon  
  183  12:42  Photon Cannon  
  183  12:44  Shield Battery  
  183  12:46  Pylon  
  183  12:48  Dark Shrine  
  183  12:52  High Templar x2  
  187  12:59  Archon  
  187  13:01  Immortal  
  195  13:11  Probe x3  
  181  13:13  Zealot x2  
  181  13:19  Probe  
  179  13:27  Zealot  
  179  13:30  Probe  
  176  13:39  Probe x3  
  173  13:42  High Templar x4, Probe  
  173  13:46  Archon x2  
  173  13:47  Zealot  
  184  13:48  Zealot  
  184  13:51  Probe  
  185  14:03  Zealot  
  181  14:10  Dark Templar  
  181  14:11  Dark Templar  
  181  14:15  Dark Templar  
  182  14:21  High Templar  
  178  14:25  High Templar  
  178  14:29  Archon  
  178  14:31  Observer  
  183  14:40  Dark Templar x2  
  184  14:49  Probe x2  
  107  15:17  Stalker x3  
  113  15:29  Probe x2  
  115  15:42  High Templar x3, Archon  
  115  15:43  High Templar x2, Archon  
  115  15:47  Dark Templar  
  115  15:49  Archon x2  
  126  15:51  Dark Templar  
  116  16:13  Probe x3  
  116  16:14  Probe  
  120  16:25  Probe x2  
Show
View Real Time Build Order
Export as new Build Order

LiquidTLO Zerg 

Build Orders: Hatch First 

Get SALT Encoding   

  12  0:01  Drone  
  13  0:12  Overlord  
  13  0:16  Drone  
  14  0:30  Drone  
  14  0:31  Drone  
  16  0:48  Hatchery  
  15  0:51  Drone  
  15  0:54  Drone  
  17  0:57  Drone  
  17  1:03  Extractor  
  17  1:13  Spawning Pool  
  17  1:16  Drone  
  17  1:19  Drone  
  18  1:28  Drone  
  19  1:38  Drone  
  20  1:50  Drone  
  21  2:00  Drone, Overlord  
  21  2:01  Queen x2  
  22  2:08  Metabolic Boost  
  26  2:11  Drone x2  
  28  2:22  Drone x2  
  30  2:32  Drone  
  30  2:34  Hatchery  
  30  2:36  Zergling x2  
  31  2:42  Queen  
  33  2:45  Zergling x2  
  33  2:48  Overlord  
  34  2:53  Overlord  
  34  2:57  Drone  
  35  3:04  Drone  
  36  3:09  Drone  
  36  3:10  Drone  
  36  3:11  Drone  
  36  3:12  Drone  
  40  3:13  Drone x2  
  40  3:18  Queen  
  43  3:27  Drone, Spore Crawler  
  43  3:28  Drone  
  43  3:30  Spore Crawler  
  43  3:34  Drone  
  43  3:35  Overlord  
  43  3:38  Drone, Evolution Chamber  
  43  3:39  Drone  
  45  3:43  Zergling x4  
  47  3:48  Drone  
  47  3:50  Queen  
  47  3:52  Drone  
  47  3:54  Drone  
  52  3:58  Drone  
  52  3:59  Drone  
  52  4:00  Drone  
  52  4:01  Drone  
  56  4:03  Drone  
  56  4:05  Spore Crawler  
  56  4:09  Zerg Melee Weapons Level 1  
  56  4:11  Overlord  
  56  4:15  Drone  
  56  4:16  Drone  
  58  4:19  Baneling Nest  
  58  4:21  Drone  
  58  4:23  Drone, Extractor  
  58  4:26  Zergling x2  
  58  4:29  Overlord  
  58  4:30  Drone  
  59  4:32  Drone x2  
  59  4:34  Overlord  
  59  4:35  Zergling x2  
  59  4:38  Overlord  
  62  4:44  Lair  
  62  4:48  Drone  
  62  4:50  Drone  
  62  4:51  Drone  
  64  4:54  Drone x2  
  64  4:58  Hatchery  
  64  4:59  Drone  
  66  5:01  Drone  
  66  5:04  Drone  
  69  5:07  Drone x2  
  69  5:08  Zergling x2  
  69  5:11  Drone  
  69  5:12  Drone x2  
  69  5:13  Drone  
  73  5:15  Drone  
  73  5:16  Drone  
  73  5:18  Drone  
  73  5:19  Drone  
  73  5:20  Drone  
  78  5:22  Drone x2  
  78  5:27  Drone  
  78  5:28  Drone, Extractor  
  80  5:31  Drone  
  80  5:33  Drone  
  80  5:34  Drone, Extractor, Zergling x4  
  80  5:35  Evolution Chamber  
  84  5:37  Overlord, Pneumatized Carapace  
  84  5:38  Zergling x2  
  84  5:39  Zergling x4  
  84  5:41  Zergling x2  
  88  5:43  Unknown  
  88  5:44  Centrifical Hooks  
  88  5:47  Drone  
  89  5:50  Zergling x2  
  89  5:51  Zergling x2  
  89  5:55  Spore Crawler  
  89  5:56  Drone, Zergling x2  
  91  5:58  Drone  
  91  5:59  Drone  
  91  6:01  Zerg Ground Armor Level 1, Zergling x2  
  91  6:03  Drone x3  
  97  6:05  Zergling x2  
  97  6:06  Queen  
  97  6:08  Spore Crawler  
  97  6:10  Zergling x2  
  100  6:12  Overseer  
  100  6:13  Zergling x2  
  100  6:14  Zergling x2  
  100  6:15  Zergling x2  
  100  6:17  Zergling x4  
  100  6:18  Zerg Melee Weapons Level 2  
  105  6:20  Zergling x2  
  105  6:21  Zergling x2  
  105  6:23  Burrow  
  105  6:24  Zergling x2  
  108  6:25  Zergling x2  
  108  6:29  Queen  
  108  6:31  Infestation Pit  
  108  6:32  Zergling x2  
  110  6:35  Drone, Overlord, Spore Crawler  
  110  6:38  Overseer x2  
  110  6:40  Baneling x5  
  110  6:42  Overlord  
  110  6:44  Overlord  
  110  6:45  Zergling x2  
  111  6:50  Drone, Extractor  
  111  6:51  Drone x4, Extractor  
  105  6:54  Zergling x6  
  105  6:55  Drone  
  105  6:59  Drone  
  105  7:00  Zergling x2  
  110  7:03  Zergling x2  
  110  7:07  Overlord  
  110  7:09  Overlord  
  105  7:15  Zergling x2  
  105  7:16  Zergling x20  
  105  7:18  Zergling x2  
  105  7:19  Overlord  
  116  7:23  Hive  
  116  7:24  Overlord  
  116  7:25  Overlord  
  116  7:28  Zergling x2  
  117  7:31  Zergling x4  
  117  7:35  Zergling x2  
  117  7:36  Overlord, Zergling x2  
  120  7:37  Overlord  
  120  7:38  Zergling x4  
  120  7:39  Zergling x2  
  120  7:41  Zergling x2  
  120  7:45  Zergling x2  
  120  7:47  Zergling x2  
  122  7:51  Zergling x2  
  122  7:54  Zergling x2  
  122  7:56  Zergling x2  
  125  7:59  Baneling x12  
  125  8:00  Hatchery  
  125  8:02  Drone x7  
  125  8:03  Roach Warren, Zergling x2  
  131  8:06  Zergling x6  
  131  8:12  Overlord  
  134  8:18  Baneling x2  
  134  8:19  Zergling x12  
  139  8:24  Zerg Ground Armor Level 2  
  139  8:25  Zergling x2  
  140  8:27  Zergling x4  
  140  8:28  Baneling x3  
  140  8:30  Zergling x2  
  143  8:40  Adrenal Glands  
  143  8:41  Viper  
  143  8:42  Ultralisk Cavern, Viper  
  143  8:46  Zergling x2, Hatchery  
  143  8:47  Zergling x2  
  149  8:50  Overlord  
  149  8:53  Zergling x2  
  152  8:55  Roach  
  152  8:56  Roach  
  152  8:58  Drone  
  155  9:07  Overlord  
  155  9:08  Overlord  
  155  9:09  Overlord  
  155  9:12  Overlord  
  155  9:15  Overlord  
  155  9:17  Overlord  
  152  9:19  Overlord  
  152  9:21  Overlord  
  152  9:22  Zerg Melee Weapons Level 3  
  152  9:23  Drone  
  149  9:25  Drone  
  149  9:26  Drone  
  149  9:28  Drone x2  
  148  9:32  Drone  
  148  9:35  Chitinous Plating  
  148  9:36  Ultralisk x3  
  148  9:38  Drone  
  165  9:45  Drone  
  164  9:48  Drone  
  164  9:49  Ultralisk x2  
  164  9:51  Baneling x3  
  177  9:55  Zergling x4  
  177  9:58  Ultralisk  
  185  10:04  Ultralisk  
  191  10:10  Ultralisk  
  197  10:14  Zergling x4  
  197  10:34  Ultralisk  
  199  10:38  Drone  
  199  10:41  Spore Crawler  
  199  10:42  Spore Crawler  
  198  10:46  Zergling x4  
  200  10:50  Overlord  
  200  10:53  Anabolic Synthesis  
  190  10:57  Ultralisk  
  190  11:02  Zergling x4  
  190  11:03  Zergling x2  
  175  11:04  Zergling x4  
  175  11:05  Zergling x4  
  175  11:06  Zergling x2  
  175  11:07  Zergling x4  
  175  11:08  Zergling x2  
  175  11:10  Zergling x4  
  170  11:12  Zergling x48  
  170  11:15  Ultralisk  
  200  11:20  Zergling x2  
  200  11:21  Zergling x4  
  200  11:23  Baneling x11  
  200  11:24  Zergling x2  
  200  11:25  Zergling x2  
  197  11:30  Zergling x2  
  197  11:31  Zergling x4  
  198  11:33  Zergling x2  
  198  11:37  Zerg Ground Armor Level 3  
  198  11:39  Spire  
  195  11:40  Pathogen Glands  
  195  11:43  Extractor  
  194  11:48  Ultralisk  
  194  11:49  Zergling x2  
  198  11:56  Zergling x2  
  198  11:58  Zergling x4  
  198  11:59  Zerg Missile Weapons Level 1  
  198  12:00  Ultralisk  
  193  12:01  Zergling x2  
  193  12:02  Zergling x4  
  193  12:03  Zergling x2  
  193  12:06  Ultralisk  
  196  12:14  Zergling x2  
  188  12:20  Zergling x2  
  184  12:23  Ultralisk  
  184  12:24  Drone  
  184  12:25  Drone x2  
  184  12:28  Zergling x2  
  184  12:29  Zergling x2  
  193  12:30  Zergling x12  
  197  12:39  Zergling x2  
  197  12:42  Extractor x2  
  197  12:43  Spore Crawler  
  194  12:45  Spore Crawler  
  194  12:46  Zergling x4  
  194  12:47  Zergling x2  
  194  12:48  Zergling x2, Spore Crawler  
  194  12:49  Zergling x2, Overseer x2  
  194  12:50  Zergling x2  
  198  12:55  Neural Parasite, Zerg Flyer Weapons Level 1  
  198  12:58  Zergling x2  
  199  12:59  Zergling x2  
  199  13:04  Overseer  
  200  13:08  Zergling x2  
  200  13:12  Zergling x2  
  198  13:17  Zergling x2  
  198  13:18  Zergling x2  
  199  13:23  Zergling x2  
  199  13:24  Ultralisk  
  196  13:27  Zergling x2  
  196  13:28  Zergling x4  
  196  13:30  Zergling x2  
  196  13:32  Ultralisk  
  190  13:38  Zergling x2, Ultralisk  
  190  13:40  Overlord  
  178  13:45  Viper x2  
  178  13:46  Infestor  
  178  13:47  Infestor x4  
  188  13:48  Zergling x2  
  188  13:49  Zergling x20  
  188  13:53  Baneling x2  
  199  14:02  Spine Crawler  
  192  14:15  Ultralisk  
  192  14:16  Zergling x4  
  196  14:17  Zergling x2  
  196  14:18  Baneling x13  
  196  14:19  Zergling x2  
  196  14:20  Zergling x2  
  196  14:21  Zergling x2  
  196  14:23  Zergling x6  
  191  14:26  Overseer  
  191  14:27  Drone x3  
  191  14:29  Zergling x2  
  191  14:30  Zergling x2  
  191  14:31  Drone  
  195  14:32  Zergling x2  
  195  14:35  Zergling x2  
  195  14:36  Zergling x2  
  198  14:41  Zergling x4, Hatchery  
  198  14:43  Baneling x16  
  198  14:48  Zergling x2  
  198  14:49  Zergling x2  
  198  14:50  Zergling x2  
  200  14:57  Ultralisk  
  180  15:04  Ultralisk  
  134  15:07  Zergling x2  
  134  15:08  Zergling x4  
  134  15:09  Zergling x2  
  134  15:10  Zergling x26  
  134  15:11  Zergling x2  
  141  15:16  Queen x2  
  141  15:20  Baneling x6  
  141  15:21  Queen, Zergling x2  
  134  15:22  Zergling x2  
  134  15:23  Zergling x4  
  134  15:24  Zergling x2  
  137  15:29  Hatchery  
  137  15:30  Extractor, Baneling x11  
  137  15:31  Baneling  
  128  15:38  Ultralisk  
  128  15:39  Zergling x2  
  128  15:41  Zergling x4  
  136  15:43  Zergling x2  
  136  15:45  Hatchery  
  136  15:55  Ultralisk  
  104  16:11  Ultralisk x2  
  104  16:12  Zergling x20  
  104  16:14  Zergling x2  
  104  16:15  Zergling x2  

Tags
 
Add a new tag
Caveats
  • Supply blocks, unpowered buildings, or Contaminate may cause inaccurate times.
  • Supply counts are checked every 10 seconds.